 Dungeon Crawl Stone Soup version 0.31-a0-702-gf82c85558f (webtiles) character file.

Game seed: 579469045105579141

76605 stafakn the Tortoise (level 15, -1/217 HPs)
             Began as a Minotaur Berserker on Sept 8, 2023.
             Was a High Priest of Trog.
             Slain by a two-headed ogre
             ... wielding a +0 giant spiked club
              (7 damage)
             ... on level 2 of the Orcish Mines.
             The game lasted 00:53:45 (23876 turns).

stafakn the Tortoise (Minotaur Berserker)          Turns: 23876, Time: 00:53:46

Health: -1/217     AC: 25    Str: 34    XL:     15   Next: 13%
Magic:  14/14      EV: 15    Int:  5    God:    Trog [*****.]
Gold:   1872       SH: 12    Dex:  9    Spells: 14/14 levels left

rFire   + + .        o - +6 whip of Disintegration {heavy, Fly rElec rC- Will+}
rCold   . . .        r - +1 kite shield {rF+}
rNeg    + . .        p - +1 pearl dragon scales
rPois   +            (helmet restricted)
rElec   +            Q - scarf {rC+ rF+}
rCorr   +            h - +1 pair of gloves {Str+3}
SInv    .            x - +0 pair of boots
Will    ++++.        O - amulet of regeneration Stlth
                     d - ring of poison resistance
HPRegen 2.36/turn    S - ring of the Octopus King {rCorr HP+2 AC+2 EV+2 SH+2}
MPRegen 0.14/turn

%: no passive effects
@: berserking, strong-willed, flying, regenerating, very quick
A: horns 2, retaliatory headbutt, strong 1
a: Renounce Religion, Berserk, Trog's Hand, Brothers in Arms


You were on level 2 of the Orcish Mines.
You worshipped Trog.
Trog was extremely pleased with you.
You visited 3 branches of the dungeon, and saw 18 of its levels.
You visited the Abyss 1 time.
You also visited: Bailey, Gauntlet and Volcano.

You collected 1872 gold pieces.

Inventory:

Hand Weapons
 o - the +6 whip of Disintegration (weapon) {heavy, Fly rElec rC- Will+}
   (You found it on level 3 of the Dungeon)

   rC-:       It makes you vulnerable to cold.
   rElec:     It insulates you from electricity.
   Will+:     It increases your willpower.
   Fly:       It grants you flight.
 A - the +6 shillelagh "Devastator" {shatter}
   (You found it on level 10 of the Dungeon)
 M - the +9 hand axe of the Evening {freeze, rC+ Str+3}
   (You found it on level 5 of the Lair of Beasts)

   Str+3:     It affects your strength (+3).
   rC+:       It protects you from cold.
 N - the +6 executioner's axe "Naggorek" {flame, Dex+3}
   (Trog gifted it to you on level 2 of the Lair of Beasts)

   Dex+3:     It affects your dexterity (+3).
Missiles
 n - a throwing net
Armour
 h - a +1 pair of gloves of strength (worn)
 p - +1 pearl dragon scales (worn)
 r - a +1 kite shield of fire resistance (worn)
 x - a +0 pair of boots (worn)
 z - a +3 plate armour of fire resistance
 B - a +0 kite shield of protection
 Q - a scarf of resistance (worn)
Jewellery
 d - a ring of poison resistance (left hand)
 k - the ring of Saofumi {Fly rF++ rCorr Int-4}
   (You acquired it in a bailey)

   [ring of resist corrosion]

   Int-4:     It affects your intelligence (-4).
   rF++:      It greatly protects you from fire.
   Fly:       It grants you flight.
   rCorr:     It protects you from acid and corrosion.
 q - a ring of protection from fire
 y - a ring of fire
 K - a +6 ring of intelligence
 O - an amulet of regeneration (around neck)
 S - a ring of the Octopus King (right hand) {rCorr HP+2 AC+2 EV+2 SH+2}
   (You found it on level 5 of the Lair of Beasts)

   [ring of resist corrosion]

   AC+2:      It affects your AC (+2).
   EV+2:      It affects your evasion (+2).
   HP+2:      It affects your health (+2).
   rCorr:     It protects you from acid and corrosion.
   SH+2:      It affects your SH (+2).
Wands
 w - a wand of acid (15)
 D - a wand of polymorph (2)
 J - a wand of flame (25)
Scrolls
 a - a scroll of blinking
 f - 2 scrolls of enchant weapon
 g - 4 scrolls of immolation
 i - 5 scrolls of fog
 l - 6 scrolls of teleportation
 C - 3 scrolls of revelation
 F - 2 scrolls of fear
 G - 2 scrolls of identify
 I - a scroll of torment
 P - 3 scrolls of silence
Potions
 b - 4 potions of resistance
 c - 3 potions of heal wounds
 e - 7 potions of curing
 j - a potion of magic
 m - 3 potions of lignification
 t - a potion of berserk rage
 v - 3 potions of enlightenment
 H - a potion of cancellation
 L - 2 potions of invisibility
Miscellaneous
 E - a phial of floods
 T - a phantom mirror


   Skills:
 + Level 15.9 Fighting
 + Level 6.0(11.6) Axes
 + Level 15.2(15.7) Maces & Flails
 + Level 17.5 Armour
 + Level 12.5 Dodging
 + Level 4.0 Stealth
 + Level 6.9 Shields


You had 14 spell levels left.
You didn't know any spells.
Your spell library contained the following spells:

 Spells                   Type           Power      Damage    Failure   Level
 Tukima's Dance           Hex            0%         N/A       99%         3
 Dimensional Bullseye     Hex/Tloc       0%         N/A       100%        4
 Iskenderun's Mystic Bla  Conj/Tloc      0%         2d3       100%        4


Dungeon Overview and Level Annotations

Branches:
Dungeon (11/15)            Temple (0/1) D:7            Lair (5/5) D:11
 Shoals (0/4) Lair:3        Snake (0/4) Lair:2        Slime (0/5) Lair:5
    Orc (2/2) D:10            Elf (0/3) Orc:2        Bailey (visited)
Volcano (visited)         Gauntlet (visited)

Altars:
Ashenzari
Cheibriados
Dithmenos
Gozag
Makhleb
Qazlal
Trog
Vehumet
Xom
The Shining One
Jiyva

Shops:
Orc:2 (

Portals:
Abyss: Orc:1


Innate Abilities, Weirdness & Mutations

You have a pair of horns on your head.
You reflexively headbutt those who attack you in melee.
Your muscles are strong. (Str +4, Int/Dex -1)


Message History

You block the two-headed ogre's attack. Something hits you!
* * * LOW HITPOINT WARNING * * *
You block the two-headed ogre's attack.
The two-headed ogre hits you but does no damage.
You whack something!
An ogre comes into view.
It is wielding a +0 giant spiked club. x2
The two-headed ogre hits you with a +0 giant club!
* * * LOW HITPOINT WARNING * * *
The two-headed ogre hits you but does no damage.
You completely miss something. Your headbutt misses something.
Something hits you!
* * * LOW HITPOINT WARNING * * *
You barely miss something. You headbutt something. Trog accepts your kill.
Trog appreciates your killing of a magic user.
Reactivating autopickup.
You feel a bit more experienced. You block the two-headed ogre's attack.
The two-headed ogre closely misses you.
The two-headed ogre hits you with a +0 giant club.
* * * LOW HITPOINT WARNING * * *
The two-headed ogre hits you with a +0 giant club!
* * * LOW HITPOINT WARNING * * *
Something hits you but does no damage.
Deactivating autopickup; reactivate with Ctrl-A.
A two-headed ogre comes into view.
It is wielding two +0 giant spiked clubs.
You are too berserk!
You thrash the two-headed ogre!!
You feel the power of Trog in you as your rage grows.
You kill the two-headed ogre!
Trog accepts your kill.
Your Stealth skill increases to level 4!
The two-headed ogre misses you. You block the two-headed ogre's attack.
A two-headed ogre comes into view.
It is wielding a +0 giant spiked club and a +0 giant club.
Items here: )))) [ †.
The two-headed ogre shouts in stereo!
You thrash the two-headed ogre!!
The two-headed ogre is heavily wounded.
You block something's attack. You block the two-headed ogre's attack.
The two-headed ogre hits you with a +0 dire flail!
You die... #........# .....# ##.#.....#....OO..# #........#...OO...# ##.......##OOOO..# #........# O{OO..# # #........## O{OO#

..#
###.........###OO###...#
#........#....)O{.....#
....###.###..)OO@O...#
.....#### ############ #
....## # ....# ### #
....# ##.# ### # ...##
##..# #.# ...# ##...####
###.## ...## #.......#
##.#..### ....##
#.....### ##.....#.#


You could see 8 two-headed ogres and 12 ogres.

Vanquished Creatures
  Rupert (Lair:5)
  An orc warlord (Orc:1)
  The ghost of leebro123 the Protected, a journeyman DsBr of Makhleb (Orc:1)
  A minotaur (Gauntlet)
  An entropy weaver (Gauntlet)
  A great orb of eyes (Orc:1)
  The ghost of blamed the Basher, a journeyman VSFi of Uskayaw (Lair:2)
  2 rakshasas (Orc:1)
  5 hydras
  An ogre mage (Orc:2)
  A boulder beetle (D:10)
  A merfolk avatar (Lair:5)
  Erica (D:8)
  11 two-headed ogres
  A tengu warrior (D:10)
  A hell hog (Orc:1)
  A large abomination (Orc:1)
  An orc high priest (Bailey)
  A hell knight (Volcano)
  Amaemon (Lair:3)
  Sonja (Lair:4)
  2 skysharks (Lair:5)
  A salamander mystic (Volcano)
  5 orc knights
  An oklob plant (Lair:2)
  2 manticores (Lair:5)
  2 orc sorcerers (Orc:1)
  6 salamanders (Volcano)
  2 moths of wrath (Lair:2)
  10 elephants (Lair:5)
  Joseph (D:8)
  11 black mambas
  An orange demon (Lair:3)
  The ghost of blamed the Ruffian, a novice DrSh (D:6)
  An apocalypse crab (Orc:1)
  12 cane toads
  2 gargoyles
  2 torpor snails
  7 komodo dragons
  5 rime drakes
  A kobold demonologist (Bailey)
  An ice devil (Orc:1)
  A tengu conjurer (D:10)
  5 trolls
  7 hornets
  Grinder (D:5)
  3 polar bears
  A raiju (Orc:1)
  4 blink frogs (Lair:5)
  4 dream sheep
  3 centaur simulacra (Gauntlet)
  6 spriggans (Lair:2)
  2 shadows
  2 wraiths (D:11)
  2 vampires
  62 yaks
  Grum (D:11)
  2 steam dragons
  4 vampire mosquitoes (D:11)
  2 basilisks
  2 wargs
  2 redbacks (Gauntlet)
  Edmund (D:5)
  An acid dragon (D:10)
  2 hell hounds (Lair:5)
  23 water moccasins
  19 orc warriors
  A swamp drake (D:10)
  4 black bears
  An ice beast (D:5)
  3 sky beasts
  9 ogres
  An ice dragon simulacrum (Gauntlet)
  6 wolves
  4 centaurs
  The ghost of Serus the Cudgeller, an amateur GrGl (D:3)
  2 phantoms
  2 kobold brigands (D:8)
  15 bullfrogs
  4 gnoll sergeants
  4 scorpions
  A wyvern skeleton (D:3)
  4 wights (D:6)
  A hornet simulacrum (Gauntlet)
  5 killer bees (D:9)
  6 electric eels (Bailey)
  A bullfrog zombie (D:3)
  3 jellies
  3 hounds
  A gnoll bouda (Orc:1)
  11 orc priests
  4 iguanas
  15 orc wizards
  A killer bee zombie (D:3)
  14 adders
  20 gnolls
  2 white imps (D:7)
  3 dart slugs
  78 orcs
  9 endoplasms
  13 goblins
  12 hobgoblins
  4 jackals (D:4)
  3 quokkas
  7 ball pythons
  6 bats
  4 frilled lizards
  20 kobolds
  7 rats
589 creatures vanquished.

Vanquished Creatures (others)
  An orc (Orc:1)
1 creature vanquished.

Grand Total: 590 creatures vanquished

Notes
Turn   | Place    | Note
-------+----------+-------------------------------------------
     0 | D:1      | stafakn the Minotaur Berserker began the quest for the Orb.
     0 | D:1      | Reached XP level 1. HP: 19/19 MP: 0/0
   384 | D:1      | Reached XP level 2. HP: 27/27 MP: 1/1
  1342 | D:2      | Reached skill level 3 in Armour
  1342 | D:2      | Reached XP level 3. HP: 13/33 MP: 2/2
  1599 | D:2      | Reached ** piety under Trog
  2076 | D:3      | Found a snail-covered altar of Cheibriados.
  2115 | D:3      | Reached XP level 4. HP: 35/40 MP: 3/3
  2137 | D:3      | Found a runed translucent gate.
  2137 | D:3      | Found a runed translucent gate.
  2137 | D:3      | Found a runed translucent gate.
  2142 | D:3      | Identified the +6 whip of Disintegration {heavy, Fly rElec
                  | rC- Will+}
  2142 | D:3      | Noticed Serus's ghost (amateur GrGl)
  2376 | D:3      | Found a radiant altar of Vehumet.
  2557 | D:3      | Gained mutation: Your muscles are strong. (Str +4, Int/Dex
                  | -1) [potion of mutation]
  5919 | D:3      | Killed Serus's ghost
  5920 | D:3      | Reached skill level 4 in Armour
  5920 | D:3      | Reached XP level 5. HP: 47/47 MP: 4/4
  5923 | D:3      | Reached skill level 5 in Fighting
  5923 | D:3      | Reached skill level 5 in Axes
  5924 | D:3      | Reached XP level 6. HP: 56/56 MP: 5/5
  5990 | D:4      | Found a shimmering altar of Xom.
  6025 | D:4      | Identified the +0 robe of the Salmon {Str+2 Slay-6 SInv}
  6085 | D:4      | Found a bloodstained altar of Trog.
  6660 | D:4      | Found a broken altar of Ashenzari.
  6660 | D:4      | Found a stormy altar of Qazlal.
  6751 | D:4      | Reached skill level 5 in Armour
  6757 | D:4      | Reached XP level 7. HP: 48/62 MP: 6/6
  7106 | D:5      | Entered Level 5 of the Dungeon
  7191 | D:5      | Reached skill level 1 in Maces & Flails
  7418 | D:5      | Reached skill level 6 in Armour
  7501 | D:5      | Noticed Grinder
  7504 | D:5      | Reached *** piety under Trog
  7520 | D:5      | Killed Grinder
  7521 | D:5      | Reached skill level 5 in Dodging
  7521 | D:5      | Reached XP level 8. HP: 40/71 MP: 7/7
  7774 | D:5      | Noticed Edmund
  7781 | D:5      | Killed Edmund
  7782 | D:5      | Reached skill level 7 in Armour
  8015 | D:5      | Found a shadowy altar of Dithmenos.
  8113 | D:6      | Reached skill level 5 in Maces & Flails
  8397 | D:6      | Reached skill level 8 in Armour
  8495 | D:6      | Reached XP level 9. HP: 79/79 MP: 8/8
  8657 | D:6      | Noticed blamed's ghost (novice DrSh)
  8658 | D:6      | Found a runed translucent door.
  8662 | D:6      | You are sucked into a shaft and drop 1 floor!
  9032 | D:6      | Killed blamed's ghost
  9160 | D:7      | Reached skill level 9 in Armour
  9531 | D:7      | Reached **** piety under Trog
  9534 | D:7      | Found an opulent altar of Gozag.
  9687 | D:7      | Found a staircase to the Ecumenical Temple.
  9838 | D:7      | Found a burning altar of Makhleb.
  9849 | D:7      | Reached skill level 1 in Stealth
  9994 | D:8      | Noticed Erica
  9999 | D:8      | Noticed a two-headed ogre
 10006 | D:8      | Killed Erica
 10007 | D:8      | Reached skill level 10 in Armour
 10007 | D:8      | Reached XP level 10. HP: 90/90 MP: 9/9
 10009 | D:8      | Killed a two-headed ogre
 10114 | D:8      | Reached skill level 11 in Armour
 10189 | D:8      | Found a flagged portal.
 10208 | Bailey   | Entered a bailey
 10461 | Bailey   | Noticed a smoke demon
 10471 | Bailey   | Acquired the ring of Saofumi {Fly rF++ rCorr Int-4}
 10475 | Bailey   | Lost intelligence.
 10495 | Bailey   | Noticed an orc knight
 10507 | Bailey   | Killed an orc knight
 10508 | Bailey   | Reached skill level 10 in Maces & Flails
 10907 | Bailey   | Identified the +2 leather armour of Cobulyedo {Harm Str+2
                  | Dex+2}
 11066 | Bailey   | Reached XP level 11. HP: 99/99 MP: 10/10
 11103 | Bailey   | Noticed an orc knight
 11105 | Bailey   | Noticed an orc high priest
 11106 | Bailey   | Noticed an orc knight
 11138 | Bailey   | Killed an orc knight
 11151 | Bailey   | Killed an orc knight
 11152 | Bailey   | Reached skill level 10 in Fighting
 11152 | Bailey   | Reached ***** piety under Trog
 11284 | Bailey   | Killed an orc high priest
 11298 | Bailey   | Found an iron altar of Okawaru.
 11602 | D:8      | Reached skill level 12 in Armour
 11837 | D:8      | Noticed Joseph
 11844 | D:8      | Killed Joseph
 11888 | D:8      | Received a gift from Trog
 12133 | D:9      | Found a glowing golden altar of the Shining One.
 12232 | D:9      | Noticed a two-headed ogre
 12237 | D:9      | Killed a two-headed ogre
 12540 | D:9      | Noticed a two-headed ogre
 12545 | D:9      | Killed a two-headed ogre
 13079 | D:10     | Entered Level 10 of the Dungeon
 13261 | D:10     | Noticed a tengu warrior
 13269 | D:10     | Killed a tengu warrior
 13327 | D:10     | Noticed a two-headed ogre
 13327 | D:10     | Noticed a boulder beetle
 13329 | D:10     | Noticed a two-headed ogre
 13337 | D:10     | Killed a two-headed ogre
 13338 | D:10     | Reached skill level 13 in Armour
 13340 | D:10     | Reached XP level 12. HP: 99/110 MP: 11/11
 13344 | D:10     | Killed a two-headed ogre
 13359 | D:10     | Killed a boulder beetle
 13360 | D:10     | Found the +6 shillelagh "Devastator" {shatter}
 13764 | D:10     | Found a staircase to the Orcish Mines.
 14498 | D:11     | Noticed Grum
 14507 | D:11     | Killed Grum
 14840 | D:11     | Found a staircase to the Lair.
 14932 | D:11     | Noticed a two-headed ogre
 14938 | D:11     | Killed a two-headed ogre
 15498 | Lair:1   | Entered Level 1 of the Lair of Beasts
 15544 | Lair:1   | Reached skill level 14 in Armour
 16235 | Lair:1   | Reached skill level 10 in Dodging
 16474 | Lair:2   | Noticed blamed's ghost (journeyman VSFi)
 16534 | Lair:2   | Reached XP level 13. HP: 119/119 MP: 12/12
 16641 | Lair:2   | Found a staircase to the Snake Pit.
 16689 | Lair:2   | Reached ****** piety under Trog
 16923 | Lair:2   | Found a transporter.
 16925 | Lair:2   | Found a transporter.
 16957 | Lair:2   | Found a bloodstained altar of Trog.
 16985 | Lair:2   | Identified the +6 executioner's axe "Naggorek" {flame,
                  | Dex+3} (Trog gifted it to you on level 2 of the Lair of
                  | Beasts)
 16985 | Lair:2   | Received a gift from Trog
 17188 | Lair:2   | Reached skill level 15 in Armour
 17702 | Lair:2   | Killed blamed's ghost
 18196 | Lair:3   | Noticed Amaemon
 18226 | Lair:3   | Killed Amaemon
 18550 | Lair:3   | Found a staircase to the Shoals.
 19120 | Lair:4   | Reached skill level 16 in Armour
 19281 | Lair:4   | Noticed Sonja
 19301 | Lair:4   | Killed Sonja
 20210 | Lair:5   | Entered Level 5 of the Lair of Beasts
 20210 | Lair:5   | Noticed Rupert
 20222 | Lair:5   | Killed Rupert
 20223 | Lair:5   | Reached XP level 14. HP: 133/133 MP: 13/13
 20266 | Lair:5   | Found a gate leading to a gauntlet.
 20275 | Gauntlet | Entered a Gauntlet
 20275 | Gauntlet | Found a transporter.
 20318 | Gauntlet | Found a transporter.
 20327 | Gauntlet | Noticed a quicksilver ooze
 20340 | Gauntlet | Found a transporter.
 20340 | Gauntlet | Found a transporter.
 20361 | Gauntlet | Found a transporter.
 20374 | Gauntlet | Found a transporter.
 20388 | Gauntlet | Found a transporter.
 20389 | Gauntlet | Noticed a quicksilver ooze
 20417 | Gauntlet | Found a transporter.
 20417 | Gauntlet | Found a transporter.
 20422 | Gauntlet | Found a transporter.
 20455 | Gauntlet | Found a transporter.
 20481 | Gauntlet | Found a transporter.
 20598 | Gauntlet | Received a gift from Trog
 20723 | Gauntlet | Identified the +4 broad axe of the Magic Mushroom {drain,
                  | Will+}
 20751 | Gauntlet | Identified the +0 flail "Beastslayer" {heavy, Stlth+}
 20780 | Lair:5   | Found a viscous altar of Jiyva.
 20780 | Lair:5   | Found a staircase to the Slime Pits.
 20817 | Lair:5   | Found a dark tunnel.
 20823 | Volcano  | Entered a volcano
 20886 | Volcano  | Found a bloodstained altar of Trog.
 20945 | Volcano  | Reached skill level 15 in Fighting
 21012 | Volcano  | Reached skill level 1 in Shields
 21382 | Lair:5   | Reached skill level 17 in Armour
 21537 | Lair:5   | Reached skill level 15 in Maces & Flails
 21548 | Lair:5   | Found the ring of the Octopus King
 21564 | Lair:5   | Identified the +9 hand axe of the Evening {freeze, rC+
                  | Str+3}
 21566 | Lair:5   | Identified the +5 scale mail of the Minstrel {*Slow rElec
                  | Stlth+}
 21572 | Lair:5   | Identified a ring of the Octopus King {rCorr HP+2 AC+2 EV+2
                  | SH+2}
 22368 | Orc:1    | Entered Level 1 of the Orcish Mines
 22409 | Orc:1    | Received a gift from Trog
 22731 | Orc:1    | Noticed an orc warlord
 22732 | Orc:1    | Found a transporter.
 22732 | Orc:1    | Noticed leebro123's ghost (journeyman DsBr)
 22749 | Orc:1    | Found a transporter.
 22749 | Orc:1    | Found a one-way gate to the infinite horrors of the Abyss.
 22884 | Orc:1    | Reached skill level 5 in Shields
 23179 | Orc:1    | Killed leebro123's ghost
 23231 | Abyss:3  | Cast into level 3 of the Abyss (orc warlord)
 23235 | Orc:1    | Escaped the Abyss
 23259 | Orc:1    | Killed an orc warlord
 23409 | Orc:2    | Entered Level 2 of the Orcish Mines
 23430 | Orc:2    | Found Xaskiac's Weapon Shoppe.
 23583 | Orc:2    | Reached XP level 15. HP: 132/143 MP: 14/14
 23601 | Orc:2    | Received a gift from Trog
 23740 | Orc:2    | Found a staircase to the Elven Halls.
 23873 | Orc:2    | HP: 9/217 [two-headed ogre/+0 giant club (5)]
 23873 | Orc:2    | HP: 2/217 [two-headed ogre/+0 giant club (7)]
 23876 | Orc:2    | Slain by a two-headed ogre

Illustrated notes

Levels and vault maps discovered:
D:1:      heliophobic_arrival_glass_houses, layout_basic, serial_bayou_pond_a
D:2:      layout_loops_ring, kennysheep_generic_room_6
D:3:      layout_rooms, mainiacjoe_overflow_concentric_impassable,
          nicolae_vehumet_radiance, gammafunk_ghost_necromancy,
          serial_park_tiny_pond, grunt_ministairs_7, minmay_liquid_box,
          minmay_fractal_squares_gapless_5
D:4:      minmay_general_purpose_star, layout_cave_pods, amcnicky_altar_gilded,
          mainiacjoe_overflow_six_doors_small,
          mainiacjoe_overflow_large_starburst, minivault_11
D:5:      layout_loops_ring, grunt_dithmenos_shadows, uniq_edmund, uniq_grinder
D:6:      minmay_inner_zag, layout_gridville, hellmonk_ghost_happy_afterlife
D:7:      layout_loops_ring, old_standard_altar, grunt_gozag_breadcrumbs,
          minmay_temple_entry_enclosed_plants
D:8:      layout_loops_cross, enter_bailey_5, uniq_joseph, uniq_erica
D:9:      layout_basic, nicolae_tso_swordbearing_angel,
          nicolae_houndstooth_variations
D:10:     layout_long_grid, erik_orc_1, dilly_guarded_unrand_devastator
D:11:     layout_loops_ring, david_lair_shrubbed, hangedman_decor_slide_cut,
          uniq_grum
Lair:1:   layout_chaotic_city, pdpol_lair_neglected_garden,
          infiniplex_staircase_pool_2
Lair:2:   layout_roguey, minmay_snake_entry_six_corridors,
          gammafunk_ghost_wrathful_warriors
Lair:3:   layout_chaotic_city, elwin_shoals_entry_rocks, grunt_megastairs_5,
          serial_bayou_shore_a, uniq_amaemon
Lair:4:   layout_cellular_growth, uniq_sonja
Lair:5:   gammafunk_lair_ancient_temple, layout_cave_pods,
          nicolae_slime_entry_slimehenge, gauntlet_entry_generic,
          enter_volcano_3, st_stairs_7, minivault_25, uniq_rupert
Orc:1:    layout_caves, gammafunk_ghost_abyssal_escape, mines4_lemuel
Orc:2:    st_orc_ogre_mass, layout_diamond_mine, serial_shops, shop

Skill      XL: |  1  2  3  4  5  6  7  8  9 10 11 12 13 14 15 |
---------------+----------------------------------------------+-----
Axes           | 4 5 6 |  6.0
Fighting       | 4 5 6 7 8 9 11 12 14 15 | 15.9
Armour         | 3 4 5 6 8 10 11 13 14 16 17 | 17.5
Dodging        | 3 4 5 6 7 8 10 11 12 | 12.5
Maces & Flails | 3 6 8 10 12 13 14 15 | 15.2
Stealth        | 1 2 3 4 |  4.0
Shields        | 6 |  6.9

Action                     |  1- 3 |  4- 6 |  7- 9 | 10-12 | 13-15 || total
---------------------------+-------+-------+-------+-------+-------++-------
  Melee: Hand axe          |    74 |    29 |       |       |       ||   103
         Headbutt          |    11 |     9 |    34 |   130 |   189 ||   373
         Whip              |       |    46 |   178 |   606 |   806 ||  1636
         Punch             |       |     1 |     2 |     5 |     6 ||    14
 Invoke: Berserk           |       |     1 |     3 |     3 |     8 ||    15
         Trog's Hand       |       |     1 |       |     1 |    10 ||    12
         Brothers in Arms  |       |       |       |       |     2 ||     2
    Use: Scroll            |     4 |     3 |     5 |    10 |     9 ||    31
         Potion            |       |     5 |       |       |     9 ||    14
   Stab: Invisible         |       |       |       |       |     2 ||     2
         Petrified         |       |       |       |       |     1 ||     1
         Paralysed         |       |       |       |       |     1 ||     1
 Armour: Animal skin       |    26 |       |       |       |       ||    26
         Chain mail        |    18 |    74 |   135 |       |       ||   227
         Pearl dragon scal |       |       |     5 |   431 |   788 ||  1224
  Dodge: Dodged            |    48 |    41 |   103 |   337 |   575 ||  1104
  Block: Kite shield       |       |       |       |       |   248 ||   248

Table legend: (Time is in decaauts)
 A = Elapsed time spent in this place.
 B = Non-inter-level travel time spent in this place.
 C = Inter-level travel time spent in this place.
 D = Time resting spent in this place.
 E = Time spent auto-exploring this place.
 F = Levels seen in this place.
 G = Mean time per level.
                   A        B        C        D        E       F      G
               +--------+--------+--------+--------+--------+-----+--------+
         Total |  23744 |  22594 |   1150 |   3343 |  14571 |  22 | 1079.3 |
       Dungeon |  14438 |  13717 |    721 |   3339 |   8257 |  11 | 1312.5 |
          Lair |   5955 |   5703 |    252 |      0 |   4460 |   5 | 1191.0 |
  Orcish Mines |   1474 |   1298 |    176 |      4 |    777 |   2 |  737.0 |
         Abyss |      5 |      5 |      0 |      0 |      0 |   1 |    5.0 |
        Bailey |   1171 |   1171 |      0 |      0 |    813 |   1 | 1171.0 |
       Volcano |    218 |    218 |      0 |      0 |     69 |   1 |  218.0 |
      Gauntlet |    480 |    480 |      0 |      0 |    194 |   1 |  480.0 |
               +--------+--------+--------+--------+--------+-----+--------+

Top non-repeatable levels by time:
     D:3: 3928 daAuts
    D:10: 1387 daAuts
  Lair:3: 1348 daAuts
  Lair:2: 1320 daAuts
  Lair:5: 1241 daAuts
     D:1: 1193 daAuts
  Bailey: 1171 daAuts
     D:4: 1159 daAuts
  Lair:4: 1106 daAuts
    D:11: 1073 daAuts
   Orc:1: 1029 daAuts
     D:9: 1007 daAuts
     D:5: 1000 daAuts
     D:6: 980 daAuts
     D:7: 948 daAuts
